 Dungeon Crawl Stone Soup version 0.24.0-1-gfbc8707 (webtiles) character file.

Game seed: 10699923519102906303, levelgen mode: deterministic

1859 Illumine the Thaumaturge (level 9, -1/65 HPs)
             Began as a Gnoll Wizard on Nov 27, 2019.
             Was an Initiate of Ashenzari.
             Slain by a hippogriff (3 damage)
             ... on level 6 of the Dungeon on Nov 28, 2019.
             The game lasted 00:21:12 (9401 turns).

Illumine the Thaumaturge (Gnoll Wizard)             Turns: 9401, Time: 00:21:12

Health: -1/65      AC:  2    Str: 10    XL:     9   Next: 13%
Magic:  11/21      EV: 25    Int: 24    God:    Ashenzari [......]
Gold:   322        SH:  0    Dex: 18    Spells: 8/24 levels left

rFire    + . .     SeeInvis .     - Unarmed
rCold    + . .     Gourm    .   (shield currently unavailable)
rNeg     . . .     Faith    .   (armour currently unavailable)
rPois    x         Spirit   .   (helmet currently unavailable)
rElec    .         Reflect  .   (cloak currently unavailable)
rCorr    .         Harm     .   (gloves currently unavailable)
MR       .....                  (boots currently unavailable)
Stlth    +++.......             (no amulet)
HPRegen  0.20/turn              o - ring of protection from cold (curse)
MPRegen  0.17/turn              u - ring of protection from fire (curse)

@: spider-form (expiring)
A: tiny, distributed training, strong nose
a: End Transformation, Curse Item, Renounce Religion


You were on level 6 of the Dungeon.
You worshipped Ashenzari.
Ashenzari was noncommittal.
You were not hungry.
You were a venomous arachnid creature.
You visited 2 branches of the dungeon, and saw 8 of its levels.

You collected 322 gold pieces.

Inventory:

Hand Weapons
 b - a +2 spear of freezing (melded)
Missiles
 k - 222 stones (quivered)
 m - 29 poisoned darts
Armour
 a - a +0 robe (melded)
 x - a +0 helmet (melded)
Magical Staves
 D - an uncursed staff of death
Jewellery
 o - a cursed ring of protection from cold (left front leg)
 u - a cursed ring of protection from fire (right front leg)
 v - an uncursed ring of resist corrosion
Wands
 n - a wand of digging (4)
 y - a wand of flame (14)
Scrolls
 e - a scroll of immolation {unknown}
 f - 6 scrolls of teleportation
 h - 2 scrolls of enchant weapon {unknown}
 j - 2 scrolls of identify
 l - 5 scrolls of remove curse
 s - 2 scrolls of amnesia {unknown}
 z - a scroll of magic mapping {unknown}
Potions
 c - 3 potions of heal wounds
 g - 2 potions of haste
 i - a potion of curing
 p - a potion of cancellation
 q - a potion of agility {unknown}
 r - a potion of might {unknown}
 t - a potion of berserk rage {unknown}
 w - a potion of brilliance {unknown}
 A - 2 potions of resistance {unknown}
 B - a potion of mutation {unknown}
Comestibles
 d - 13 rations


   Skills:
 + Level 3.8 Fighting
 + Level 3.8 Short Blades
 + Level 3.8 Long Blades
 + Level 3.8 Axes
 + Level 3.8 Maces & Flails
 + Level 3.8 Polearms
 + Level 3.8 Staves
 + Level 3.8 Slings
 + Level 3.8 Bows
 + Level 3.8 Crossbows
 + Level 3.8 Throwing
 + Level 3.8 Armour
 + Level 6.0 Dodging
 + Level 5.7 Stealth
 + Level 3.8 Shields
 + Level 3.8 Unarmed Combat
 + Level 8.2 Spellcasting
 + Level 3.9 Conjurations
 + Level 3.1 Hexes
 + Level 3.1 Charms
 + Level 3.9 Summonings
 + Level 3.1 Necromancy
 + Level 3.9 Translocations
 + Level 3.1 Transmutations
 + Level 3.1 Fire Magic
 + Level 3.1 Ice Magic
 + Level 3.1 Air Magic
 + Level 3.1 Earth Magic
 + Level 3.1 Poison Magic
 + Level 4.2 Invocations
 + Level 3.8 Evocations


You had 8 spell levels left.
You knew the following spells:

 Your Spells              Type           Power        Failure   Level  Hunger
a - Magic Dart            Conj           ####         6%          1    None
b - Blink                 Tloc           N/A          8%          2    None
c - Call Imp              Summ           ####....     8%          2    None
d - Slow                  Hex            ####....     10%         2    None
e - Mephitic Cloud        Conj/Pois/Air  ####....     14%         3    None
f - Conjure Flame         Conj/Fire      ####....     13%         3    None
g - Spider Form           Tmut/Pois      ####......   16%         3    None

Your spell library contained the following spells:

 Spells                   Type           Power        Failure   Level  Hunger
 Beastly Appendage        Tmut           ####..       8%          1    None
 Corona                   Hex            ####...      8%          1    None
 Sticks to Snakes         Tmut           ####....     10%         2    None
 Portal Projectile        Hex/Tloc       ####..       13%         3    None
 Inner Flame              Hex/Fire       ####....     16%         3    None
 Cause Fear               Hex            ####......   36%         4    ##.....
 Ice Form                 Ice/Tmut       ####....     36%         4    ##.....
 Leda's Liquefaction      Hex/Erth       ####......   36%         4    ##.....
 Blade Hands              Tmut           ####......   65%         5    #####..


Dungeon Overview and Level Annotations

Branches:
Dungeon (7/15)             Temple (1/1) D:6

Altars:
Ashenzari
Cheibriados
Elyvilon
Fedhas
Nemelex Xobeh
Qazlal
Ru
Trog
Vehumet
Xom
Yredelemnul

Shops:
D:4 *


Innate Abilities, Weirdness & Mutations

Your experience applies equally to all skills.
((You have very sharp teeth.))
Your uncanny sense of smell can sniff out nearby items.


Message History

The hippogriff closely misses you.
Your shadow imp hits the hippogriff.
You hit the hippogriff but do no damage.
The hippogriff is poisoned.
The hippogriff is lightly wounded.
The hippogriff bites you.
* * * LOW HITPOINT WARNING * * *
The hippogriff misses you. The hippogriff claws you.
* * * LOW HITPOINT WARNING * * *
The two-headed ogre misses you.
The two-headed ogre completely misses you.
You swap places.
Your shadow imp hits the hippogriff.
The phantom blinks!
The hippogriff misses you. x2; The hippogriff claws you.
* * * LOW HITPOINT WARNING * * *
Something barely misses your shadow imp.
Something hits your shadow imp!
Your shadow imp is killed!
The hippogriff bites you!
* * * LOW HITPOINT WARNING * * *
The hippogriff completely misses you. The hippogriff claws you.
You die...

#.# #...#.#.........). #.#
##..#O#...(......( #.#
##..#.#........... #.#
#.)...............
#.####ยง#####...........
#.............####.....
#.............##.......
#####......H.#.#.###.).#.#.
#........Ws..O.........#.#)
#............#.............
#......................#.##
######.........(...)...#...
#........[[..........#
##....<...........##.#
#..........[.........
########...........#.
#.........#.#.


You could see a two-headed ogre (confused), a hippogriff and a phantom.

Vanquished Creatures
  A sky beast (D:6)
  An orc warrior (D:6)
  2 ogres (D:6)
  A bullfrog (D:6)
  8 killer bees
  3 crimson imps
  A quasit (D:6)
  A bullfrog zombie (D:5)
  An orc priest (D:6)
  2 hounds
  2 orc wizards
  A bullfrog skeleton (D:7)
  An iguana (D:3)
  Natasha (D:4)
  2 worker ants
  A hound skeleton (D:4)
  Robin (D:3)
  3 gnolls (D:6)
  8 adders
  An ooze (D:1)
  An adder skeleton (D:4)
  2 worms
  A dart slug (D:2)
  3 leopard geckos
  8 orcs
  6 giant cockroaches
  6 goblins
  9 hobgoblins
  5 jackals
  4 kobolds
  3 quokkas
  3 ball pythons
  6 bats
  4 frilled lizards
  A quokka zombie (D:6)
  11 rats
115 creatures vanquished.

Vanquished Creatures (collateral kills)
  Grinder (D:6)
  A phantom (D:4)
  An ogre (D:7)
  2 centaurs
  A scorpion (D:5)
  A quasit (D:7)
  2 orc priests (D:5)
  An iguana (D:4)
  Natasha (D:4)
  3 orc wizards (D:5)
  A worker ant (D:5)
  2 adders
  An adder zombie (D:6)
  3 worms
  3 orcs
  4 goblins
  3 hobgoblins
  5 jackals
36 creatures vanquished.

Grand Total: 151 creatures vanquished

Notes
Turn   | Place    | Note
-------+----------+-------------------------------------------
     0 | D:1      | Illumine the Gnoll Wizard began the quest for the Orb.
     0 | D:1      | Reached XP level 1. HP: 13/13 MP: 8/8
   229 | D:1      | Reached XP level 2. HP: 20/20 MP: 6/10
   527 | D:1      | Learned a level 2 spell: Blink
   530 | D:1      | Learned a level 2 spell: Call Imp
   541 | D:1      | Learned a level 2 spell: Slow
   723 | D:2      | Found a snail-covered altar of Cheibriados.
   748 | D:2      | Reached XP level 3. HP: 25/25 MP: 8/11
  1067 | D:2      | Reached skill level 1 in Invocations
  1093 | D:2      | Reached skill level 1 in Fighting
  1093 | D:2      | Reached skill level 1 in Short Blades
  1093 | D:2      | Reached skill level 1 in Long Blades
  1093 | D:2      | Reached skill level 1 in Axes
  1093 | D:2      | Reached skill level 1 in Maces & Flails
  1093 | D:2      | Reached skill level 1 in Polearms
  1093 | D:2      | Reached skill level 1 in Staves
  1093 | D:2      | Reached skill level 1 in Slings
  1093 | D:2      | Reached skill level 1 in Bows
  1093 | D:2      | Reached skill level 1 in Crossbows
  1093 | D:2      | Reached skill level 1 in Throwing
  1093 | D:2      | Reached skill level 1 in Armour
  1093 | D:2      | Reached skill level 1 in Shields
  1093 | D:2      | Reached skill level 1 in Unarmed Combat
  1093 | D:2      | Reached skill level 1 in Evocations
  1109 | D:2      | Reached XP level 4. HP: 25/32 MP: 4/13
  1604 | D:2      | Found a stormy altar of Qazlal.
  1798 | D:2      | Reached skill level 1 in Hexes
  1798 | D:2      | Reached skill level 1 in Charms
  1798 | D:2      | Reached skill level 1 in Necromancy
  1798 | D:2      | Reached skill level 1 in Transmutations
  1798 | D:2      | Reached skill level 1 in Fire Magic
  1798 | D:2      | Reached skill level 1 in Ice Magic
  1798 | D:2      | Reached skill level 1 in Air Magic
  1798 | D:2      | Reached skill level 1 in Earth Magic
  1798 | D:2      | Reached skill level 1 in Poison Magic
  2114 | D:3      | Reached XP level 5. HP: 27/37 MP: 10/14
  2974 | D:4      | Noticed Robin
  3012 | D:3      | Killed Robin
  3967 | D:3      | Learned a level 3 spell: Mephitic Cloud
  3971 | D:3      | Learned a level 3 spell: Conjure Flame
  4065 | D:4      | Found a stormy altar of Qazlal.
  4146 | D:4      | Noticed Natasha
  4154 | D:4      | Killed Natasha
  4154 | D:4      | Reached XP level 6. HP: 37/44 MP: 11/16
  4231 | D:4      | Noticed Natasha
  4240 | D:4      | Killed Natasha
  4322 | D:4      | Noticed a phantom
  4364 | D:4      | Killed a phantom
  4364 | D:4      | Reached skill level 5 in Dodging
  4444 | D:4      | Found Alusich's Assorted Antiques.
  4516 | D:4      | Found a basalt altar of Yredelemnul.
  4680 | D:5      | Entered Level 5 of the Dungeon
  5177 | D:5      | Reached XP level 7. HP: 50/50 MP: 9/18
  6399 | D:6      | Reached skill level 5 in Stealth
  6693 | D:6      | Learned a level 3 spell: Spider Form
  6979 | D:6      | Noticed Grinder
  7154 | D:6      | Paralysed by Grinder for 5 turns
  7178 | D:6      | Killed Grinder
  7178 | D:6      | Reached XP level 8. HP: 21/57 MP: 1/19
  7376 | D:6      | Found a staircase to the Ecumenical Temple.
  7409 | Temple   | Entered the Ecumenical Temple
  7430 | Temple   | Became a worshipper of Ashenzari the Shackled
  7740 | D:7      | Noticed a two-headed ogre
  7786 | D:7      | Noticed a hippogriff
  8062 | D:6      | Reached skill level 8 in Spellcasting
  8914 | D:7      | Reached XP level 9. HP: 38/65 MP: 14/21
  9401 | D:6      | HP: 2/65 [hippogriff (8)]
  9401 | D:6      | Slain by a hippogriff

Levels and vault maps discovered:
D:1:      giann_wishing_wells, layout_basic
D:2:      layout_loops_ring, marbit_many_paths, nicolae_qazlal_eye_of_the_storm
D:3:      layout_loops_ring, first_ration, dk_noncrumbling_4
D:4:      layout_loops_ring, kennysheep_mini_moat, kennysheep_little_box,
          serial_shops, nicolae_shop_statue_plus, minmay_crystal_water,
          uniq_robin, uniq_natasha
D:5:      layout_layer_cave, kennysheep_small_circle
D:6:      mumra_celtic_spiral_tile, layout_rooms, minmay_temple_entry_ruins,
          uniq_pikel, uniq_grinder
D:7:      layout_cave_pools, bloody_makhleb
Temple:   eino_temple_scatter_basement

Skill      XL: |  1  2  3  4  5  6  7  8  9 |
---------------+----------------------------+-----
Conjurations   | 2 3 |  3.9
Summonings     | 2 3 |  3.9
Translocations | 2 3 |  3.9
Invocations    | 1 2 3 4 |  4.2
Fighting       | 1 2 3 |  3.8
Short Blades   | 1 2 3 |  3.8
Long Blades    | 1 2 3 |  3.8
Axes           | 1 2 3 |  3.8
Maces & Flails | 1 2 3 |  3.8
Polearms       | 1 2 3 |  3.8
Staves         | 1 2 3 |  3.8
Slings         | 1 2 3 |  3.8
Bows           | 1 2 3 |  3.8
Crossbows      | 1 2 3 |  3.8
Throwing       | 1 2 3 |  3.8
Armour         | 1 2 3 |  3.8
Shields        | 1 2 3 |  3.8
Unarmed Combat | 1 2 3 |  3.8
Evocations     | 1 2 3 |  3.8
Hexes          | 1 2 3 |  3.1
Charms         | 1 2 3 |  3.1
Necromancy     | 1 2 3 |  3.1
Transmutations | 1 2 3 |  3.1
Fire Magic     | 1 2 3 |  3.1
Ice Magic      | 1 2 3 |  3.1
Air Magic      | 1 2 3 |  3.1
Earth Magic    | 1 2 3 |  3.1
Poison Magic   | 1 2 3 |  3.1
Dodging        | 5 6 |  6.0
Stealth        | 5 |  5.7
Spellcasting   | 8 |  8.2

Action                   |  1- 3 |  4- 6 |  7- 9 || total
-------------------------+-------+-------+-------++-------
Melee: Spear             |       |    65 |   131 ||   196
       Unarmed           |       |       |    56 ||    56
       Bite              |       |       |     6 ||     6
       Punch             |       |       |     1 ||     1
Throw: Stone             |       |     2 |       ||     2
 Cast: Magic Dart        |    55 |   108 |    20 ||   183
       Call Imp          |     4 |    60 |    37 ||   101
       Mephitic Cloud    |       |     1 |    13 ||    14
       Spider Form       |       |       |     9 ||     9
       Blink             |       |       |     1 ||     1
Invok: Curse Item        |       |       |     1 ||     1
Evoke: Wand              |       |       |     1 ||     1
  Use: Scroll            |       |       |     6 ||     6
       Potion            |       |       |     3 ||     3
 Stab: Distracted        |       |     3 |     1 ||     4
       Sleeping          |       |     1 |       ||     1
       Confused          |       |       |     2 ||     2
  Eat: Chunk             |       |    13 |     6 ||    19
       Ration            |       |       |     2 ||     2
Armor: Robe              |     1 |    15 |    29 ||    45
       Skin              |       |       |     6 ||     6
Dodge: Dodged            |     6 |    64 |   256 ||   326
